 Dungeon Crawl Stone Soup version 0.32-a0-747-gc8563f6773 (webtiles) character file.

Game seed: 2859404468041130115

989 croobank the Ruffian (level 8, -2/54 HPs)
             Began as an Octopode Shapeshifter on Mar 17, 2024.
             Was an Initiate of Gozag.
             Slain by a water moccasin (9 damage)
             ... on level 6 of the Dungeon.
             The game lasted 00:11:56 (4646 turns).

croobank the Ruffian (Octopode Shapeshifter)        Turns: 4646, Time: 00:11:56

Health: -2/54      AC:  1    Str: 13    XL:     8   Next: 18%
Magic:  8/8        EV: 13    Int: 15    God:    Gozag
Gold:   542        SH:  0    Dex: 11    Spells: 7/7 levels left

rFire   + . .        u - +2 dagger (venom)
rCold   + . .        (no shield)
rNeg    . . .        (helmet currently unavailable)
rPois   +            (no amulet)
rElec   .            d - ring of protection from fire
rCorr   .            g - ring of poison resistance
SInv    .            q - ring of protection from cold
Will    .....        (no ring)
Stlth   ++           (no ring)
HPRegen 0.29/turn    (no ring)
MPRegen 0.11/turn    (no ring)
                     (no ring)

%: no passive effects
@: mighty, beast-form, hasted, very quick
A: beast (slay +2), almost no armour, amphibious, 8 rings, camouflage 1,
gelatinous body 1, (nimble swimmer 1), tentacles
a: Begin Untransformation, Renounce Religion, Potion Petition, Call Merchant,
Bribe Branch


You were on level 6 of the Dungeon.
You worshipped Gozag.
Gozag was pleased with you.
You were a hulking beast.
You visited 2 branches of the dungeon, and saw 7 of its levels.

You collected 571 gold pieces.
You paid 29 gold pieces to Gozag.

Inventory:

Hand Weapons
 o - a +0 shortbow
 r - a +0 long sword
 u - a +2 dagger of venom (weapon)
Missiles
 p - 3 javelins (quivered)
 s - 10 poisoned darts
 v - 3 curare-tipped darts
Armour
 e - an orb of wrath
Jewellery
 d - a ring of protection from fire (left tentacle)
 g - a ring of poison resistance (right tentacle)
 q - a ring of protection from cold (on tentacle)
 C - a ring of protection from fire
Talismans
 b - a beast talisman (active)
 c - a flux talisman
Scrolls
 t - a scroll of revelation
 w - a scroll of immolation
 x - 3 scrolls of vulnerability {unknown}
 z - a scroll of enchant armour
 B - a scroll of fear {unknown}
Potions
 a - 3 potions of lignification
 f - a potion of mutation {unknown}
 i - a potion of haste
 j - 5 potions of curing {unknown}
 k - a potion of cancellation {unknown}
 l - a potion of magic {unknown}
 m - 2 potions of degeneration {unknown}
 n - a potion of brilliance {unknown}
 A - a potion of resistance {unknown}


   Skills:
 + Level 4.6 Fighting
 + Level 4.9 Dodging
 + Level 5.4 Unarmed Combat
 + Level 5.1 Shapeshifting


You had 7 spell levels left.
You didn't know any spells.
Your spell library contained the following spells:

 Spells                   Type           Power      Damage    Failure   Level
 Apportation              Tloc           0%         N/A       26%         1
 Necrotise                Necr           0%         1d4       26%         1
 Sting                    Conj/Alch      0%         1d3       26%         1
 Summon Small Mammal      Summ           0%         N/A       26%         1
 Jinxbite                 Hex            0%         N/A       38%         2
 Scorch                   Fire           0%         2d5       38%         2
 Brom's Barrelling Bould  Conj/Erth      0%         2d3       95%         4
 Flame Wave               Conj/Fire      0%         2d4       95%         4
 Alistair's Intoxication  Alch           0%         N/A       100%        5
 Fireball                 Conj/Fire      0%         3d3       100%        5
 Iskenderun's Battlesphe  Conj           0%         2d6       100%        5
 Conjure Ball Lightning   Conj/Air       0%         3x3d6     100%        6
 Summon Cactus Giant      Summ           0%         N/A       100%        6
 Orb of Destruction       Conj           0%         9d5       100%        7


Dungeon Overview and Level Annotations

Branches:
Dungeon (6/15)             Temple (1/1) D:4

Altars:
Ashenzari
Dithmenos
Elyvilon
Fedhas
Gozag
Hepliaklqana
Kikubaaqudgha
Makhleb
Nemelex Xobeh
Okawaru
Qazlal
Ru
Sif Muna
Uskayaw
Vehumet
Wu Jian
Yredelemnul
Zin
The Shining One

Annotations:
D:3 !Sigmund
D:6 Jeremiah


Innate Abilities, Weirdness & Mutations

You are a hulking beast.
Your limbs bulge with bestial killing power. (Slay +2)
You cannot wear most types of armour.
You are amphibious.
You can wear up to eight rings at the same time.
Your skin changes colour to match your surroundings (Stealth+).
Your rubbery body absorbs attacks. (AC +1, EV +1)
((You are camouflaged when in or above water. (Stealth+)))
You have tentacles for arms and can constrict up to eight enemies at once.


Message History

You see here 24 gold pieces.
You now have 542 gold pieces (gained 24).
An adder comes into view.
The kobold throws a stone.
The stone hits you.
* * * LOW HITPOINT WARNING * * *
The kobold throws a stone.
The stone completely misses you.
The butterfly disappears in a burst of colours!
The adder attacks as it pursues you! The adder bites you.
* * * LOW HITPOINT WARNING * * *
You hit the adder. You grab the adder. You squeeze the adder.
The adder is severely wounded.
You constrict the adder.
You kill the adder!
A white imp comes into view.
The white imp shouts, "Slither home, thou quaking doghearted puttock!"
The white imp moves out of view.
Found 8 gold pieces.
Found 42 gold pieces.
Found 18 gold pieces.
A water moccasin comes into view.
You hear the rusting of a very distant drain.
The white imp gestures at you. The puff of frost misses you.
There is a large open door here.
A black bear comes into view.
The white imp gestures at you. The puff of frost hits you. You resist.
* * * LOW HITPOINT WARNING * * *
You close the large door.
You feel yourself speed up. The water moccasin bites you.
* * * LOW HITPOINT WARNING * * *
You feel very mighty all of a sudden.
The water moccasin completely misses you.
You puncture the water moccasin! Your grab misses the water moccasin.
Your squeeze misses the water moccasin.
The water moccasin is heavily wounded.
A kobold brigand comes into view.
It is wielding a +0 short sword and quivering poisoned darts.
A white imp opens the large door.
The water moccasin bites you!
You die...
Your body crumbles into a pile of gold.

.#~~#...#..# *......#,*,*,*****+*
#~≈≈≈###≈.#####.....#,,,*,,,,,,,*
≈≈≈F≈≈≈~...........,,,,,,,,,,,,,,
≈≈≈≈≈≈≈~.....###.#,,,,,,,,,,,,,,,
#≈≈≈~###~K.....K.#*,,,,,*********
.#K≈#...#$...###.#*****,* *
.#..#.⌠.#....##.5# *,* *
.#..#...#....##''## *,*********
#....###..####..h.#* *,,,,,,,,,*
..........#*#...S..#* *********,*
..##*#.....#...$$...# *,*
...#######.#..$.h$..# *,,
...K..K..,,#..$..$..# ***
.(K#*******#...$$...#********
.K.# **,##......##*,,,,,,* ...#
**,,,##..K.## *,,,,,,* )..#
**,,,,,****'****,,,,,,*


You could see a water moccasin, a black bear, a kobold brigand (wandering), a
white imp and a kobold.

Vanquished Creatures
  Sigmund (D:3)
  A sky beast (D:6)
  2 ogres
  A centaur (D:6)
  A kobold brigand (D:4)
  A crimson imp (D:4)
  A hound (D:5)
  2 bombardier beetles
  2 jellies (D:5)
  A sleepcap (D:5)
  Jessica (D:2)
  An iguana (D:5)
  7 adders
  A white imp (D:4)
  2 ribbon worms
  2 dart slugs
  5 orcs
  9 ball pythons
  4 endoplasms
  5 giant cockroaches
  9 goblins
  4 hobgoblins (D:4)
  5 jackals
  11 kobolds
  6 quokkas
  4 bats
  5 frilled lizards
  6 rats
100 creatures vanquished.

Notes
Turn   | Place    | Note
-------+----------+-------------------------------------------
     0 | D:1      | croobank the Octopode Shapeshifter began the quest for the
                  | Orb.
     0 | D:1      | Reached XP level 1. HP: 13/13 MP: 1/1
   266 | D:1      | Reached XP level 2. HP: 17/18 MP: 2/2
  1067 | D:2      | Reached XP level 3. HP: 24/24 MP: 3/3
  1278 | D:2      | Noticed Jessica
  1286 | D:2      | Killed Jessica
  1320 | D:2      | Reached XP level 4. HP: 28/29 MP: 4/4
  1735 | D:3      | Noticed Sigmund
  1961 | D:3      | Found a sparkling altar of Nemelex Xobeh.
  2256 | D:4      | Found a staircase to the Ecumenical Temple.
  2261 | Temple   | Entered the Ecumenical Temple
  2277 | Temple   | Became a worshipper of Gozag Ym Sagoz the Greedy
  2369 | D:4      | Noticed a kobold brigand
  2386 | D:4      | Killed a kobold brigand
  2387 | D:4      | Reached XP level 5. HP: 17/35 MP: 5/5
  2829 | D:4      | Reached XP level 6. HP: 42/42 MP: 6/6
  3088 | D:4      | Found a glowing golden altar of the Shining One.
  3228 | D:4      | Found a stormy altar of Qazlal.
  3228 | D:4      | Found an iron altar of Okawaru.
  3228 | D:4      | Found a hide-covered altar of Uskayaw.
  3416 | D:3      | Reached XP level 7. HP: 46/46 MP: 7/7
  3672 | D:3      | Killed Sigmund
  3781 | D:5      | Entered Level 5 of the Dungeon
  3876 | D:5      | Reached skill level 5 in Unarmed Combat
  4387 | D:5      | Found a shadowy altar of Dithmenos.
  4597 | D:6      | Reached skill level 5 in Shapeshifting
  4597 | D:6      | Reached XP level 8. HP: 45/54 MP: 8/8
  4606 | D:6      | Noticed Jeremiah
  4646 | D:6      | Slain by a water moccasin

Illustrated notes

Levels and vault maps discovered:
D:1:      minmay_arrival_plants_in_alcoves, layout_basic,
          serial_co_window_serial, co_window_paths_b, co_window_paths_b,
          co_window_paths_a, co_window_of_opportunity_a, co_window_corner_a,
          co_window_paths_a, co_window_broadway_c, co_window_unsneaky_path_a,
          co_window_2corner, glass_columns_b, glass_columns_a, glass_columns_a,
          glass_columns_a, fountainhead
D:2:      layout_loops_ring, kennysheep_jessica_study
D:3:      layout_rooms, lemuel_crystal_altar, minmay_ogre_servants, uniq_sigmund
D:4:      cheibrodos_thug_alley, layout_rooms, nicolae_tso_carved_into_rock,
          gammafunk_temple_overflow_claw, minmay_temple_entry_nine_rooms,
          minmay_fire_ice_demons
D:5:      layout_rooms, mainiacjoe_overflow_alcove_4
D:6:      minmay_polygon_palace, layout_basic, gup_sewer_entry_spiral,
          fountainhead, uniq_jeremiah
Temple:   dshaligram_water_room_temple

Skill      XL: |  1  2  3  4  5  6  7 |
---------------+----------------------+-----
Fighting       | 2 3 4 |  4.6
Dodging        | 3 4 |  4.9
Unarmed Combat | 4 5 |  5.4
Shapeshifting  | 4 5 |  5.1

Action                     |  1- 3 |  4- 6 |  7- 9 || total
---------------------------+-------+-------+-------++-------
  Melee: Unarmed           |    46 |    88 |     1 ||   135
         Constrict         |    13 |    26 |    11 ||    50
         Tentacles         |     7 |    20 |    10 ||    37
         Punch             |     2 |     6 |       ||     8
         Dagger            |       |       |    41 ||    41
  Throw: Javelin           |       |     1 |     4 ||     5
  Evoke: Wand              |       |     3 |       ||     3
    Use: Scroll            |     2 |     5 |     4 ||    11
         Potion            |       |     2 |     3 ||     5
   Stab: Sleeping          |     8 |     7 |     2 ||    17
         Distracted        |     1 |       |       ||     1
 Armour: Skin              |    16 |    47 |    30 ||    93
  Dodge: Dodged            |    21 |    48 |    26 ||    95

Table legend: (Time is in decaauts)
 A = Elapsed time spent in this place.
 B = Non-inter-level travel time spent in this place.
 C = Inter-level travel time spent in this place.
 D = Time resting spent in this place.
 E = Time spent auto-exploring this place.
 F = Levels seen in this place.
 G = Mean time per level.
                   A        B        C        D        E       F      G
               +--------+--------+--------+--------+--------+-----+--------+
         Total |   4640 |   4470 |    170 |    847 |   2652 |   7 |  662.9 |
       Dungeon |   4607 |   4453 |    154 |    847 |   2652 |   6 |  767.8 |
        Temple |     32 |     16 |     16 |      0 |      0 |   1 |   32.0 |
               +--------+--------+--------+--------+--------+-----+--------+

Top non-repeatable levels by time:
     D:4: 1202 daAuts
     D:1: 945 daAuts
     D:2: 887 daAuts
     D:5: 709 daAuts
     D:3: 706 daAuts
     D:6: 156 daAuts
  Temple: 32 daAuts
